 Dungeon Crawl Stone Soup version 0.28.0 (webtiles) character file.

Game seed: 6707544595282513327

2 sanka the Magician (level 1, -4/11 HPs)
             Began as a Deep Elf Transmuter on Feb 8, 2022.
             Slain by a gnoll (6 damage)
             ... on level 1 of the Dungeon.
             The game lasted 00:00:20 (169 turns).

sanka the Magician (Deep Elf Transmuter)             Turns: 169, Time: 00:00:21

Health: -4/11      AC:  2    Str:  7    XL:     1   Next: 33%
Magic:  5/6        EV: 12    Int: 17    God:
Gold:   0          SH:  0    Dex: 15    Spells: 5/6 levels left

rFire   . . .      SeeInvis .     - Unarmed
rCold   . . .      Faith    .   (no shield)
rNeg    . . .      Spirit   .   a - +0 robe
rPois   .          Reflect  .   (helmet currently unavailable)
rElec   .          Harm     .   (no cloak)
rCorr   .          Rampage  .   (no gloves)
Will    .....                   (boots currently unavailable)
Stlth   +.........              (no amulet)
HPRegen 0.03/turn               (no ring)
MPRegen 0.10/turn               (no ring)

@: appendages (expiring)
A: horns 2, talons 2
a: End Transformation


You were on level 1 of the Dungeon.
You had temporarily grown beastly horns and talons.
You visited 1 branch of the dungeon, and saw 1 of its levels.

Inventory:

Armour
 a - a +0 robe (worn)
Scrolls
 b - a scroll of immolation {unknown}


   Skills:
 - Level 0.7 Fighting
 - Level 2.4 Dodging
 - Level 2.4 Unarmed Combat
 + Level 3.3 Spellcasting
 - Level 2.1 Transmutations


You had 5 spell levels left.
You knew the following spells:

 Your Spells              Type           Power      Damage    Failure   Level
a - Beastly Appendage     Tmut           20%        N/A       7%          1

Your spell library contained the following spells:

 Spells                   Type           Power      Damage    Failure   Level
 Wereblood                Tmut           10%        N/A       11%         2
 Spider Form              Tmut/Pois      6%         N/A       32%         3
 Ice Form                 Ice/Tmut       6%         N/A       71%         4


Dungeon Overview and Level Annotations

Branches:
Dungeon (1/15)

Altars:


Innate Abilities, Weirdness & Mutations

You have temporarily grown beastly horns and talons.


Message History

No target in view!
No target in view!
Your transformation is almost over.
Magic restored.
Your horns disappear.
Your talons disappear.
Found a stone staircase leading down.
A ball python and a rat come into view.
The ball python hisses angrily.
You grow a pair of large bovine horns.
Your feet morph into talons.
The rat bites you.
A gnoll comes into view. It is wielding a +0 club.
You completely miss the rat. The rat misses you.
The gnoll shouts!
You hit the ball python.
You kill the ball python!
The rat bites you but does no damage.
Your transformation is almost over.
You hit the rat. You claw the rat.
You kill the rat!
You see here a rat corpse.
Your horns disappear.
Your talons disappear.
You grow a pair of large bovine horns.
Your feet morph into talons.
Press: ? - help, v - describe, . - travel
Here: a gnoll, wielding a +0 club The floor.
The gnoll hits you with a +0 club.
You hit the gnoll but do no damage. Your headbutt misses the gnoll.
The gnoll barely misses you.
You hit the gnoll. You claw the gnoll. Your headbutt misses the gnoll.
The gnoll is severely wounded.
You completely miss the gnoll.
The gnoll is severely wounded.
Your transformation is almost over.
The gnoll hits you with a +0 club.
* * * LOW HITPOINT WARNING * * *
You barely miss the gnoll.
The gnoll is heavily wounded.
The gnoll hits you with a +0 club.
Ouch! That really hurt!
You die...

#.# #######.# #.......#
#.####### #.# #.. #.#
#.. #.# #...
###########.# ...##
#....g@.....# ...
#.############
#.#####...........(#
#.....#............# #
###....#..#######...#
####...#..#..#######...#
.#...####.#..........#.#
.g.### #...########.#.#
#### #.#.#......#.#.#


You could see a gnoll.

Vanquished Creatures
  A ball python (D:1)
  A frilled lizard (D:1)
  A rat (D:1)
3 creatures vanquished.

Notes
Turn   | Place    | Note
-------+----------+-------------------------------------------
     0 | D:1      | sanka the Deep Elf Transmuter began the quest for the Orb.
     0 | D:1      | Reached XP level 1. HP: 11/11 MP: 6/6
   169 | D:1      | Slain by a gnoll

Illustrated notes

Levels and vault maps discovered:
D:1:      zelgadis_glass_arrival_small, layout_basic, st_stairs_10

Action                   || total
-------------------------++-------
Melee: Unarmed           ||     8
       Kick              ||     2
       Headbutt          ||     1
 Cast: Beastly Appendage ||     3
Armor: Robe              ||     1
Dodge: Dodged            ||     3
